3A
PUT-IN-BAY BC @ BELLEVILLE BULLS
08/23/2028
 
TOP OF THE 1ST
Put-In-Bay BC batting - Pitching for Belleville Bulls : LHP Norberto Rodríguez
Pitching: LHP Norberto Rodríguez
Batting: RHB Alfie Hollington 0-0: Ball
1-0: Fly out, F6 (Popup, 5D)
Batting: RHB Andrew Cantrell 0-0: Ball
1-0: Called Strike
1-1: Called Strike
1-2: Ball
2-2: Strikes out swinging
Batting: RHB Juan Tellado 0-0: Ball
1-0: Fly out, F3 (Popup, 3S)
Top of the 1st over - 0 run(s), 0 hit(s), 0 error(s), 0 left on base; Put-In-Bay 0 - Belleville 0
BOTTOM OF THE 1ST
Belleville Bulls batting - Pitching for Put-In-Bay BC : RHP Joe Shlabotnik
Pitching: RHP Joe Shlabotnik
Batting: RHB Vicente Mena 0-0: Foul Ball, location: 2F
0-1: Foul Ball, location: 2F
0-2: Foul Ball, location: 2F
0-2: Fly out, F3 (Popup, 34)
Batting: LHB Tony Rodríguez 0-0: Ground out 5-3 (Groundball, 56S)
Batting: LHB José Gómez 0-0: Swinging Strike
0-1: Ball
1-1: Fly out, F7 (Line Drive, 7)
Bottom of the 1st over - 0 run(s), 0 hit(s), 0 error(s), 0 left on base; Put-In-Bay 0 - Belleville 0
TOP OF THE 2ND
Put-In-Bay BC batting - Pitching for Belleville Bulls : LHP Norberto Rodríguez
Batting: SHB Theron Montecalvo 0-0: Called Strike
0-1: Ball
1-1: SOLO HOME RUN (Flyball, 78XD), Distance : 435 ft
Batting: RHB Brock Dean 0-0: Ground out 1-3 (Groundball, P)
Batting: RHB Franklin Kelley 0-0: Ball
1-0: Called Strike
1-1: Foul Ball, location: 2F
1-2: Strikes out swinging
Batting: RHB Oscar McMillan 0-0: Called Strike
0-1: Ball
1-1: Ball
2-1: Ball
3-1: Base on Balls
Batting: RHB Al Grant 0-0: SINGLE (Groundball, 4M) (infield hit)
Oscar McMillan to second
Batting: RHB Steven Rohrs 0-0: Called Strike
0-1: Swinging Strike
0-2: Ball
1-2: Foul Ball, location: 2F
1-2: Strikes out looking
Top of the 2nd over - 1 run(s), 2 hit(s), 0 error(s), 2 left on base; Put-In-Bay 1 - Belleville 0
BOTTOM OF THE 2ND
Belleville Bulls batting - Pitching for Put-In-Bay BC : RHP Joe Shlabotnik
Batting: LHB Walt Lathon 0-0: Called Strike
0-1: Ball
1-1: Swinging Strike
1-2: Ball
2-2: Strikes out looking
Batting: RHB Alejandro Serrato 0-0: Ball
1-0: Foul Ball, location: 2F
1-1: Ball
2-1: Ball
3-1: SINGLE (Line Drive, 56D)
Batting: RHB Leonardo Sotelo 0-0: Ball
1-0: Ball
Wild Pitch!
Alejandro Serrato to second
2-0: Ball
3-0: Base on Balls
Batting: RHB Bartho Simonse 0-0: Ball
1-0: SINGLE (Groundball, 56D)
Alejandro Serrato to third
Leonardo Sotelo to second
Runner from 3rd tries for Home, SAFE, throw made home
Leonardo Sotelo to third
Bartho Simonse to second
Batting: RHB Eric Harvey 0-0: Ball
1-0: Ball
2-0: Ball
3-0: Called Strike
3-1: Fly out, F8 (Line Drive, 8RM)
Batting: RHB Júlio Robles 0-0: Ball
1-0: Ball
2-0: Ball
3-0: Base on Balls
Batting: RHB Vicente Mena 0-0: Ball
1-0: Swinging Strike
1-1: Swinging Strike
1-2: Ball
2-2: Ball
3-2: Strikes out swinging
Bottom of the 2nd over - 1 run(s), 2 hit(s), 0 error(s), 3 left on base; Put-In-Bay 1 - Belleville 1
TOP OF THE 3RD
Put-In-Bay BC batting - Pitching for Belleville Bulls : LHP Norberto Rodríguez
Batting: RHB Alfie Hollington 0-0: Swinging Strike
0-1: Ball
1-1: Ball
2-1: Foul Ball, location: 2F
2-2: Ground out 6-3 (Groundball, 6M)
Batting: RHB Andrew Cantrell 0-0: Called Strike
0-1: Ball
1-1: Foul Ball, location: 2F
1-2: Ball
2-2: Strikes out swinging
Batting: RHB Juan Tellado 0-0: Called Strike
0-1: Ball
1-1: Ball
2-1: Swinging Strike
2-2: Strikes out looking
Top of the 3rd over - 0 run(s), 0 hit(s), 0 error(s), 0 left on base; Put-In-Bay 1 - Belleville 1
BOTTOM OF THE 3RD
Belleville Bulls batting - Pitching for Put-In-Bay BC : RHP Joe Shlabotnik
Batting: LHB Tony Rodríguez 0-0: Foul Ball, location: 2F
0-1: Fly out, F8 (Flyball, 8LM)
Batting: LHB José Gómez 0-0: Ball
1-0: Swinging Strike
1-1: Ball
2-1: Ball
3-1: Base on Balls
Batting: LHB Walt Lathon 0-0: Foul Ball, location: 2F
0-1: Ball
1-1: Swinging Strike
1-2: Ball
2-2: Foul Ball, location: 2F
2-2: Ball
3-2: Foul Ball, location: 2F
3-2: Foul Ball, location: 2F
3-2: Foul Ball, location: 2F
3-2: Strikes out swinging
Batting: RHB Alejandro Serrato 0-0: Foul Ball, location: 2F
0-1: Fielders Choice at 2nd, 6-4 (Groundball, 6)
Bottom of the 3rd over - 0 run(s), 0 hit(s), 0 error(s), 0 left on base; Put-In-Bay 1 - Belleville 1
TOP OF THE 4TH
Put-In-Bay BC batting - Pitching for Belleville Bulls : LHP Norberto Rodríguez
Batting: SHB Theron Montecalvo 0-0: Swinging Strike
0-1: Foul Ball, location: 2F
0-2: Ball
1-2: Ball
2-2: Foul Ball, location: 2F
2-2: SINGLE (Line Drive, 8LS)
Batting: RHB Brock Dean 0-0: Foul Ball, location: 2F
0-1: Called Strike
0-2: Grounds into double play, 6-4-3 (Groundball, 6)
Batting: RHB Franklin Kelley 0-0: Ball
1-0: Fly out, F8 (Line Drive, 8LM)
Top of the 4th over - 0 run(s), 1 hit(s), 0 error(s), 0 left on base; Put-In-Bay 1 - Belleville 1
BOTTOM OF THE 4TH
Belleville Bulls batting - Pitching for Put-In-Bay BC : RHP Joe Shlabotnik
Batting: RHB Leonardo Sotelo 0-0: Ground out 6-3 (Groundball, 6S)
Batting: RHB Bartho Simonse 0-0: Ball
1-0: Called Strike
1-1: Foul Ball, location: 2F
1-2: Foul Ball, location: 2F
1-2: Strikes out swinging
Batting: RHB Eric Harvey 0-0: Swinging Strike
0-1: Called Strike
0-2: Ball
1-2: Strikes out swinging
Bottom of the 4th over - 0 run(s), 0 hit(s), 0 error(s), 0 left on base; Put-In-Bay 1 - Belleville 1
TOP OF THE 5TH
Put-In-Bay BC batting - Pitching for Belleville Bulls : LHP Norberto Rodríguez
Batting: RHB Oscar McMillan 0-0: Called Strike
0-1: Fly out, F8 (Flyball, 8RM)
Batting: RHB Al Grant 0-0: Swinging Strike
0-1: Called Strike
0-2: Ball
1-2: Strikes out swinging
Batting: RHB Steven Rohrs 0-0: Foul Ball, location: 2F
0-1: Swinging Strike
0-2: Foul Ball, location: 2F
0-2: Strikes out swinging
Top of the 5th over - 0 run(s), 0 hit(s), 0 error(s), 0 left on base; Put-In-Bay 1 - Belleville 1
BOTTOM OF THE 5TH
Belleville Bulls batting - Pitching for Put-In-Bay BC : RHP Joe Shlabotnik
Batting: RHB Júlio Robles 0-0: Swinging Strike
0-1: Foul Ball, location: 2F
0-2: Ball
1-2: Strikes out swinging
Batting: RHB Vicente Mena 0-0: Ball
1-0: Ball
2-0: Foul Ball, location: 2F
2-1: Swinging Strike
2-2: Strikes out looking
Batting: LHB Tony Rodríguez 0-0: Ball
1-0: SINGLE (Line Drive, 6MD)
Batting: LHB José Gómez 0-0: Foul Ball, location: 2F
0-1: Called Strike
0-2: Ball
1-2: Ball
2-2: Ball
3-2: Foul Ball, location: 2F
3-2: Ground out 6-3 (Groundball, 6D)
Bottom of the 5th over - 0 run(s), 1 hit(s), 0 error(s), 1 left on base; Put-In-Bay 1 - Belleville 1
TOP OF THE 6TH
Put-In-Bay BC batting - Pitching for Belleville Bulls : LHP Norberto Rodríguez
Batting: RHB Alfie Hollington 0-0: Ball
1-0: Ball
2-0: Foul Ball, location: 2F
2-1: Ground out 5-3 (Groundball, 56)
Batting: RHB Andrew Cantrell 0-0: Ball
1-0: Ball
2-0: Called Strike
2-1: Ball
3-1: Base on Balls
Batting: RHB Juan Tellado 0-0: Called Strike
0-1: Ball
1-1: Swinging Strike
1-2: Foul Ball, location: 2F
1-2: Fly out, F9 (Flyball, 89M)
Batting: SHB Theron Montecalvo 0-0: Called Strike
0-1: Fly out, F8 (Line Drive, 8LM)
Top of the 6th over - 0 run(s), 0 hit(s), 0 error(s), 1 left on base; Put-In-Bay 1 - Belleville 1
BOTTOM OF THE 6TH
Belleville Bulls batting - Pitching for Put-In-Bay BC : RHP Joe Shlabotnik
Batting: LHB Walt Lathon 0-0: Called Strike
0-1: Ground out 4-3 (Groundball, 4)
Batting: RHB Alejandro Serrato 0-0: Foul Ball, location: 2F
0-1: Fly out, F7 (Flyball, 7LD)
Batting: RHB Leonardo Sotelo 0-0: SINGLE (Groundball, 56D)
Batting: RHB Bartho Simonse 0-0: Called Strike
0-1: Foul Ball, location: 2F
0-2: Foul Ball, location: 2F
0-2: Strikes out swinging
Bottom of the 6th over - 0 run(s), 1 hit(s), 0 error(s), 1 left on base; Put-In-Bay 1 - Belleville 1
TOP OF THE 7TH
Put-In-Bay BC batting - Pitching for Belleville Bulls : LHP Norberto Rodríguez
Batting: RHB Brock Dean 0-0: DOUBLE (Line Drive, 7LM)
Batting: RHB Franklin Kelley 0-0: Intentional Walk
Pinch Hitting: LHB Shelby Noonan 0-0: Ball
1-0: Called Strike
1-1: Ball
2-1: Ball
3-1: Grounds into double play, 4-6-3 (Groundball, 4)
Brock Dean to third
Batting: RHB Al Grant 0-0: Called Strike
0-1: Foul Ball, location: 2F
0-2: Strikes out swinging
Top of the 7th over - 0 run(s), 1 hit(s), 0 error(s), 1 left on base; Put-In-Bay 1 - Belleville 1
BOTTOM OF THE 7TH
Belleville Bulls batting - Pitching for Put-In-Bay BC : RHP Joe Shlabotnik
Now at 1B: Shelby Noonan
Batting: RHB Eric Harvey 0-0: Ball
1-0: Called Strike
1-1: Swinging Strike
1-2: Ball
2-2: Foul Ball, location: 2F
2-2: Foul Ball, location: 2F
2-2: Ball
3-2: Strikes out looking
Pinch Hitting: RHB Mario Valentín 0-0: Ball
1-0: Called Strike
1-1: Foul Ball, location: 2F
1-2: Strikes out swinging
Batting: RHB Vicente Mena 0-0: Ball
1-0: Foul Ball, location: 2F
1-1: Ball
2-1: Ball
3-1: Base on Balls
Pitching: LHP Gerald Bolton
Pinch Hitting: RHB Jorge Cortés 0-0: Ball
1-0: Ball
2-0: Ball
3-0: Called Strike
3-1: Ground out 1-3 (Groundball, 15)
Bottom of the 7th over - 0 run(s), 0 hit(s), 0 error(s), 1 left on base; Put-In-Bay 1 - Belleville 1
TOP OF THE 8TH
Put-In-Bay BC batting - Pitching for Belleville Bulls : LHP Norberto Rodríguez
Now in LF: Mario Valentín
Now in CF: Carlos Cirilli
Pinch Hitting: RHB Ryan French 0-0: Ball
1-0: Foul Ball, location: 2F
1-1: Foul Ball, location: 2F
1-2: Ball
2-2: Foul Ball, location: 2F
2-2: Foul Ball, location: 2F
2-2: Fly out, F8 (Flyball, 89M)
Pinch Hitting: RHB Alejandro Márquez 0-0: Foul Ball, location: 2F
0-1: Ball
1-1: Called Strike
1-2: Ball
2-2: Ground out 5-3 (Groundball, 56)
Batting: RHB Andrew Cantrell 0-0: Ball
1-0: Ball
2-0: Called Strike
2-1: Ball
3-1: Swinging Strike
3-2: Ground out 6-3 (Groundball, 6)
Top of the 8th over - 0 run(s), 0 hit(s), 0 error(s), 0 left on base; Put-In-Bay 1 - Belleville 1
BOTTOM OF THE 8TH
Belleville Bulls batting - Pitching for Put-In-Bay BC : LHP Gerald Bolton
Now in LF: Jesús Gil
Now in CF: Mario Chávez
Pinch Hitting: RHB Dean Summers 0-0: Ball
1-0: Foul Ball, location: 2F
1-1: Called Strike
1-2: Strikes out looking
Batting: LHB Walt Lathon 0-0: Ball
1-0: Ball
2-0: Ball
3-0: Called Strike
3-1: Called Strike
3-2: Base on Balls
Batting: RHB Alejandro Serrato 0-0: Fly out, F4 (Popup, 34)
Batting: RHB Leonardo Sotelo 0-0: Ball
Walt Lathon is caught stealing 2nd base
Bottom of the 8th over - 0 run(s), 0 hit(s), 0 error(s), 0 left on base; Put-In-Bay 1 - Belleville 1
TOP OF THE 9TH
Put-In-Bay BC batting - Pitching for Belleville Bulls : LHP Norberto Rodríguez
Pitching: LHP Joe Muller
Now at 1B: Samuel Bartolomej
Batting: RHB Juan Tellado 0-0: Swinging Strike
0-1: Foul Ball, location: 2F
0-2: SINGLE (Line Drive, 4D)
Batting: SHB Theron Montecalvo 0-0: Ball
1-0: Called Strike
1-1: Swinging Strike
1-2: Strikes out swinging
Batting: RHB Brock Dean 0-0: Fielders Choice at 2nd, 6-4 (Groundball, 6)
Batting: RHB Franklin Kelley 0-0: Ball
1-0: Swinging Strike
1-1: Ball
2-1: Fly out, F8 (Flyball, 78M)
Top of the 9th over - 0 run(s), 1 hit(s), 0 error(s), 1 left on base; Put-In-Bay 1 - Belleville 1
BOTTOM OF THE 9TH
Belleville Bulls batting - Pitching for Put-In-Bay BC : LHP Gerald Bolton
Batting: RHB Leonardo Sotelo 0-0: Swinging Strike
0-1: Foul Ball, location: 2F
0-2: Strikes out swinging
Batting: RHB Bartho Simonse 0-0: Ball
1-0: Called Strike
1-1: Ball
2-1: Foul Ball, location: 2F
2-2: Ball
3-2: Foul Ball, location: 2F
3-2: Base on Balls
Batting: RHB Eric Harvey 0-0: Foul Ball, location: 2F
0-1: SINGLE (Line Drive, 7S)
Bartho Simonse to second
Batting: RHB Mario Valentín 0-0: Called Strike
0-1: Ball
1-1: Foul Ball, location: 2F
1-2: Ball
2-2: Foul Ball, location: 2F
2-2: Foul Ball, location: 2F
2-2: Foul Ball, location: 2F
2-2: Strikes out swinging
Batting: RHB Vicente Mena 0-0: SINGLE (Flyball, 89S)
Bartho Simonse to third
Eric Harvey to second
Runner from 3rd tries for Home, SAFE, throw made home
GAME OVER ... BELLEVILLE DEFEATS PUT
In-Bay, 2 to 1
Monday, August 28th, 2017 - OOTP Baseball 17.12 Build 75